AoeStats
← CFn-Ez

Black Forest

507939679Analyzed
4v4 RM · 13d ago on Sep 20, 2026· 68m 0s· 8 players
Game mode
Random Map
Map size
Large (8 player)
Population
200
Speed
Normal
Resources
Standard
Victory
Conquest
Starting age
Dark Age
Ending age
Imperial Age
RankedLock teamsTeams togetherTeam positionsShared explorationLock speedFull tech treeHidden civsTurbo modeCheats
Victory
Defeat
🇭🇰 Bohemians · Hong Kong SAR China
1499
+12
🇭🇰 Burgundians · Hong Kong SAR China
1459
+13
🇨🇳 Turks · China
1397
+16
🇺🇦 Spanish · Ukraine
1337
+17
🇺🇸 Teutons · United States
1430
-16
🇨🇳 Muisca · China
1407
-15
🇦🇺 Japanese · Australia
1382
-14
1356
-13
virttuallG
0:48 Loom
12:36 Feudal Age
13:51 Double-Bit Axe
15:04 Fletching
28:49 Castle Age
28:06 Horse Collar
30:09 Bow Saw
32:17 Wheelbarrow
31:39 Gold Mining
34:53 Hand Cart
39:38 Imperial Age
37:42 Bodkin Arrow
37:48 Padded Archer Armor
37:58 Elite Skirmisher
39:44 Leather Archer Armor
40:34 Ballistics
41:27 Chemistry
40:59 Ring Archer Armor
41:35 Conscription
43:00 Coinage
42:59 Crenellations
44:42 Banking
44:56 Ironclad
49:49 Scale Mail Armor
50:00 Forging
51:22 Siege Engineers
51:27 Masonry
51:56 Scale Barding Armor
52:27 Iron Casting
52:08 Chain Mail Armor
53:45 Chain Barding Armor
54:31 Bloodlines
53:42 Cavalier
56:27 Capped Ram
57:25 Elite Teutonic Knight
57:31 Paladin
59:26 Two-Man Saw
只爆叉叉
11:09 Feudal Age
12:03 Loom
15:18 Castle Age
13:10 Double-Bit Axe
13:13 Horse Collar
16:41 Bow Saw
16:33 Heavy Plow
22:12 Stone Mining
23:01 Wheelbarrow
23:51 Gold Mining
24:41 Stone Shaft Mining
25:32 Gold Shaft Mining
26:11 Hand Cart
27:06 Treadmill Crane
30:07 Imperial Age
27:31 Fletching
27:42 Padded Archer Armor
28:10 Ballistics
29:13 Thumb Ring
30:31 Bodkin Arrow
30:51 Leather Archer Armor
30:55 Squires
30:21 Champi Runner
30:26 Pikeman
32:14 Chemistry
31:20 Siege Engineers
31:39 Conscription
31:20 Herbalism
33:22 Two-Man Saw
32:54 Crop Rotation
32:29 Bracer
32:30 Scale Mail Armor
32:44 Forging
32:37 Elite Guecha Warrior
34:35 Chain Mail Armor
34:05 Champi Warrior
36:28 Crossbowman
36:30 Elite Champi Warrior
37:51 Iron Casting
37:46 Plate Mail Armor
60:56 Masonry
60:48 Elite Temple Guard
Ejatch Lemayahu Gewodros
1:11 Loom
12:40 Feudal Age
14:10 Double-Bit Axe
17:20 Castle Age
20:34 Bow Saw
24:44 Fishing Lines
25:30 Stone Mining
26:13 Gold Mining
28:45 Wheelbarrow
32:18 Imperial Age
30:42 Gillnets
31:24 Svan Towers
31:21 Husbandry
31:32 Bloodlines
31:34 Forging
31:37 Scale Barding Armor
34:13 Coinage
34:04 Chain Barding Armor
34:20 Iron Casting
34:32 Conscription
33:54 Elite Monaspa
37:11 Fletching
37:57 Plate Barding Armor
38:25 Treadmill Crane
38:36 Guard Tower
42:02 Aznauri Cavalry
43:38 Blast Furnace
45:21 Chemistry
44:07 Arrowslits
44:44 Ballistics
45:31 Light Cavalry
48:45 Keep
48:33 Hussar
52:38 Caravan
54:46 Horse Collar
Blinky Bill
11:16 Feudal Age
11:44 Double-Bit Axe
11:41 Fishing Lines
18:28 Castle Age
18:33 Gold Mining
22:50 Imperial Age
21:16 Loom
23:53 Redemption
26:53 Block Printing
27:00 Sanctity
30:51 Yasama
30:42 Fletching
32:23 Chemistry
31:25 Bodkin Arrow
31:56 Guard Tower
31:51 Arrowslits
32:43 Kataparuto
33:22 Ballistics
33:03 Bracer
35:57 Keep
37:51 Bow Saw
38:09 Illumination
38:20 Theocracy
38:35 Wheelbarrow
38:37 Scale Mail Armor
38:48 Forging
40:37 Chain Mail Armor
40:57 Iron Casting
40:38 Hand Cart
42:40 Plate Mail Armor
42:31 Elite Samurai
43:31 Conscription
47:37 Blast Furnace
46:39 Squires
46:24 Arson
48:04 Treadmill Crane
48:34 Masonry
48:19 Murder Holes
54:57 Man-at-Arms
55:22 Gambesons
55:30 Long Swordsman
56:33 Caravan
60:47 Two-Handed Swordsman
60:50 Capped Ram
62:26 Hoardings
62:04 Champion
Skyle
0:38 Loom
11:23 Feudal Age
16:42 Castle Age
17:09 Double-Bit Axe
17:13 Horse Collar
17:34 Fishing Lines
18:26 Bow Saw
18:32 Heavy Plow
22:59 Wheelbarrow
23:09 Gillnets
25:01 Gold Mining
25:02 Stone Mining
26:59 Hand Cart
28:05 Stone Shaft Mining
28:04 Town Watch
29:04 Town Patrol
30:21 Caravan
30:16 Pikeman
30:57 Squires
31:08 Forging
31:04 Scale Barding Armor
30:50 Fletching
32:10 Bloodlines
32:01 Husbandry
36:10 Imperial Age
34:48 Iron Casting
35:59 Ballistics
35:35 Murder Holes
35:51 Fortified Wall
36:57 Chain Barding Armor
37:56 Two-Man Saw
38:03 Blast Furnace
36:51 Cavalier
39:14 Plate Barding Armor
39:16 Paladin
42:23 Halberdier
43:32 Guard Tower
44:41 Scale Mail Armor
45:49 Chain Mail Armor
46:19 Coinage
47:24 Plate Mail Armor
48:01 Banking
48:44 Conscription
48:19 Light Cavalry
49:15 Bodkin Arrow
49:01 Hussar
65:13 Keep
67:08 Chemistry
68:12 Bombard Tower
dennis2_02
7:55 Loom
12:59 Feudal Age
14:43 Double-Bit Axe
16:59 Castle Age
14:57 Fishing Lines
15:42 Horse Collar
18:04 Bow Saw
24:09 Gillnets
24:57 Heavy Plow
28:03 Wheelbarrow
31:20 Imperial Age
29:23 Forging
29:13 Scale Mail Armor
28:57 Pikeman
29:37 Squires
30:29 Hand Cart
31:55 Chemistry
31:31 Halberdier
34:54 Two-Man Saw
35:27 Iron Casting
35:07 Chain Mail Armor
34:53 Padded Archer Armor
37:54 Coinage
37:35 Guilds
37:26 Caravan
39:25 Conscription
39:12 Wagenburg Tactics
39:47 Siege Engineers
41:06 Blast Furnace
40:36 Plate Mail Armor
41:16 Houfnice
43:27 Plate Mail Armor
44:39 Leather Archer Armor
44:55 Banking
CFn-Ez
13:12 Feudal Age
14:19 Double-Bit Axe
17:01 Castle Age
18:06 Bow Saw
18:15 Fishing Lines
19:07 Stone Mining
20:09 Horse Collar
24:44 Wheelbarrow
25:14 Gold Mining
29:39 Imperial Age
26:56 Loom
28:16 Hand Cart
29:06 Gold Shaft Mining
29:03 Padded Archer Armor
30:23 Artillery
30:44 Conscription
30:51 Bombard Tower
30:52 Ballistics
31:23 Leather Archer Armor
31:01 Fletching
30:56 Elite Janissary
32:55 Ring Archer Armor
32:21 Bodkin Arrow
32:33 Scale Barding Armor
32:40 Forging
33:07 Heavy Plow
34:08 Two-Man Saw
35:11 Chain Barding Armor
34:52 Bracer
35:29 Iron Casting
39:00 Coinage
43:48 Bloodlines
43:38 Husbandry
47:23 Plate Barding Armor
47:49 Blast Furnace
51:02 Guilds
52:31 Caravan
54:13 Banking
59:37 Murder Holes
59:54 Masonry
KITCHIUYEAH
0:51 Loom
13:13 Feudal Age
13:49 Double-Bit Axe
24:02 Castle Age
23:04 Bow Saw
24:12 Horse Collar
27:30 Wheelbarrow
37:59 Gold Mining
40:50 Imperial Age
38:28 Burgundian Vineyards
39:28 Gold Shaft Mining
38:44 Stone Mining
39:14 Hand Cart
40:40 Padded Archer Armor
40:30 Fletching
43:16 Chemistry
42:37 Conscription
42:54 Leather Archer Armor
42:35 Bodkin Arrow
42:06 Elite Skirmisher
43:10 Ballistics
44:05 Two-Man Saw
43:11 Heavy Plow
43:13 Town Watch
43:49 Bracer
44:43 Caravan
46:23 Forging
48:54 Hoardings
49:13 Coinage
48:53 Guilds
49:22 Murder Holes
49:37 Masonry
51:04 Banking
56:09 Crop Rotation
58:43 Scale Mail Armor
59:19 Iron Casting
58:05 Pikeman
58:45 Squires
59:33 Scale Barding Armor
59:45 Chain Mail Armor
61:24 Chain Barding Armor
62:05 Blast Furnace
61:36 Plate Mail Armor
60:33 Pikeman
61:28 Halberdier
62:50 Plate Barding Armor
61:42 Elite Coustillier
61:52 Elite Coustillier
62:25 Arson
62:48 Husbandry
62:08 Light Cavalry
63:01 Hussar
66:18 Architecture
66:37 Onager
67:52 Treadmill Crane
Connection lost

Rejoining the realm…

Still unreachable

The connection could not be restored.

Session expired

The server has moved on; the page needs a fresh start.